 Dungeon Crawl Stone Soup version 0.27-a0-1559-g299f9947c5 (webtiles) character file.

Game seed: 16153972770676013073

4313 Lemonice the Cleaver (level 10, -6/80 HPs)
             Began as a Formicid Abyssal Knight on July 16, 2021.
             Was a Priest of Lugonu.
             Mangled by a two-headed ogre (25 damage)
             ... on level 8 of the Dungeon.
             The game lasted 00:24:43 (8340 turns).

Lemonice the Cleaver (Formicid Abyssal Knight)      Turns: 8340, Time: 00:24:43

Health: -6/80      AC:  8    Str: 20    XL:     10   Next: 58%
Magic:  16/16      EV: 11    Int: 12    God:    Lugonu [***...]
Gold:   454        SH:  0    Dex: 10    Spells: 9/9 levels left

rFire    . . .     SeeInvis +   x - +5 hand axe (freeze)
rCold    . . .     Faith    +   (no shield)
rNeg     . . .     Spirit   .   f - +0 troll leather armour {Purgy}
rPois    .         Reflect  .   (helmet unavailable)
rElec    .         Harm     .   w - +0 cloak
rCorr    .         Rampage  .   (no gloves)
Will     +....                  d - +0 pair of boots
Stlth    +.........             e - amulet of faith
HPRegen  1.23/turn              (no ring)
MPRegen  0.15/turn              (no ring)

@: no status effects
A: permanent stasis, dig shafts and tunnels, antennae 3, four strong arms
a: Dig, Shaft Self, Renounce Religion, Depart the Abyss, Bend Space, Banish


You were on level 8 of the Dungeon.
You worshipped Lugonu.
Lugonu was most pleased with you.
You visited 1 branch of the dungeon, and saw 8 of its levels.
You visited the Abyss 1 time.
You also visited: Sewer.

You collected 454 gold pieces.

Inventory:

Hand Weapons
 a - a +2 hand axe
 m - a +0 war axe
 q - a +2 hand axe of freezing
 x - a +5 hand axe of freezing (weapon)
Armour
 b - a +0 leather armour
 d - a +0 pair of boots (worn)
 f - a +0 troll leather armour (worn) {Purgy}
 j - the +0 ring mail of the Pits of Slime {rF++ rC+ Str+4 Int-5}
   (You found it in a sewer)

   Str:       It affects your strength (+4).
   Int:       It affects your intelligence (-5).
   rF:        It greatly protects you from fire.
   rC:        It protects you from cold.
 w - a +0 cloak (worn)
Jewellery
 e - an amulet of faith (around neck)
 i - a ring of flight
 p - an amulet of magic regeneration
Wands
 c - a wand of flame (3)
 u - a wand of digging (5)
Scrolls
 k - a scroll of enchant weapon
 l - 2 scrolls of magic mapping
 n - a scroll of noise
 o - a scroll of brand weapon {unknown}
 s - a scroll of identify
 t - 3 scrolls of fear
 v - 3 scrolls of immolation {unknown}
Potions
 g - a potion of cancellation {unknown}
 h - 3 potions of flight
 r - a potion of magic {unknown}


   Skills:
 + Level 8.0 Fighting
 * Level 9.6 Axes
 + Level 7.5 Armour
 - Level 1.0 Dodging
 + Level 8.1 Invocations


You had 9 spell levels left.
You didn't know any spells.
Your spell library contained the following spells:

 Spells                   Type           Power      Damage    Failure   Level
 Animate Skeleton         Necr           0%         N/A       36%         1
 Apportation              Tloc           0%         N/A       36%         1
 Corona                   Hex            0%         N/A       36%         1
 Sting                    Tmut/Pois      0%         1d3       36%         1
 Summon Small Mammal      Summ           0%         N/A       36%         1
 Passwall                 Tmut/Erth      0%         N/A       50%         2
 Poisonous Vapours        Pois/Air       0%         N/A       50%         2
 Slow                     Hex            0%         N/A       50%         2
 Static Discharge         Conj/Air       0%         N/A       50%         2
 Confusing Touch          Hex            0%         N/A       75%         3
 Gell's Gravitas          Tloc           0%         N/A       75%         3
 Lesser Beckoning         Tloc           0%         N/A       75%         3
 Teleport Other           Tloc           0%         N/A       75%         3
 Olgreb's Toxic Radiance  Pois           0%         N/A       98%         4
 Lightning Bolt           Conj/Air       0%         1d11      100%        5
 Yara's Violent Unravell  Hex/Tmut       0%         3d3       100%        5
 Dispersal                Tloc           0%         N/A       100%        6
 Invisibility             Hex            0%         N/A       100%        6
 Disjunction              Tloc           0%         N/A       100%        8
 Maxwell's Capacitive Co  Air            0%         ∞         100%        8
 Swiftness                Air            Unusable   N/A       N/A         3

Dungeon Overview and Level Annotations

Branches:
Dungeon (8/15)             Temple (0/1) D:7           Sewer (visited)
   Lair: D:8-11

Altars:
Makhleb
Sif Muna

Shops:
D:3 :

Annotations:
D:6 3 runed translucent doors, anet's ghost, novice GnDe; dukemarty79's ghost, novice DsGl; fly's ghost, novice HuDe; micdi's ghost, amateur DEAE
D:7 2 runed translucent doors, loom's ghost, novice DjAE
Abyss:1 Duvessa


Innate Abilities, Weirdness & Mutations

You cannot be hasted, slowed, berserked, paralysed or teleported.
You can dig through walls and to a lower floor.
You have a pair of large antennae on your head. (SInv)
Your four strong arms can wield two-handed weapons with a shield.


Message History

Found 12 sling bullets.
Found 11 gold pieces.
You pick up a book of Burglary and begin reading...
You add the spells Passwall and Invisibility to your library.
You now have 454 gold pieces (gained 11).
Found an escape hatch in the floor.
You sense a monster nearby.
A two-headed ogre comes into view. It is wielding two +0 giant clubs.
The two-headed ogre shouts in stereo!
Found a scroll of identify.
s - a scroll of identify
Aiming: Throw Flame
Press: ? - help, Shift-Dir - straight line, f - two-headed ogre
Aim: a two-headed ogre, wielding two +0 giant clubs (85% to hit)
The puff of flame hits the two-headed ogre.
The two-headed ogre is lightly wounded.
Aiming: Throw Flame
Press: ? - help, Shift-Dir - straight line, f/p - two-headed ogre
Aim: a two-headed ogre, wielding two +0 giant clubs (lightly wounded, 85% to hit)
The puff of flame hits the two-headed ogre!
The two-headed ogre is lightly wounded.
You slash the two-headed ogre! You freeze the two-headed ogre.
The two-headed ogre is moderately wounded.
The two-headed ogre barely misses you.
The two-headed ogre hits you with a +0 giant club!
You hit the two-headed ogre. You freeze the two-headed ogre.
The two-headed ogre is heavily wounded.
The two-headed ogre hits you with a +0 giant club! x2
You hit the two-headed ogre. You freeze the two-headed ogre.
The two-headed ogre is severely wounded.
You slash the two-headed ogre! You freeze the two-headed ogre.
The two-headed ogre is almost dead.
The two-headed ogre hits you with a +0 giant club!!
The two-headed ogre closely misses you.
You hit the two-headed ogre. You freeze the two-headed ogre.
The two-headed ogre is almost dead.
The two-headed ogre hits you with a +0 giant club!
* * * LOW HITPOINT WARNING * * *
The two-headed ogre hits you with a +0 giant club!!
You die...

### # #.# #.#### #.#######
#.#.. #.......# ....
#.#####.##### #.####
##.### #.....### #.....
#....# #.......#####.....
#..#.###.................
#.###...O@....#.######(...
#.....####...>#.# .......
#.#...........#.# ##.....
# #.#.###.#####.# #.....
#...............###.#..)..
#.............(.).........
#..#####....#.......#.....
#..#($:#..#.#{.... #.#...
#..#[?)#..#.#...# ##


You could see a two-headed ogre.

Vanquished Creatures
  10 yaks
  A steam dragon (D:6)
  Menkaure (D:5)
  A water moccasin (D:7)
  Purgy (Sewer)
  A sky beast (D:7)
  2 ogres
  A black bear (D:4)
  A centaur (D:6)
  2 bullfrogs
  A wyvern zombie (D:7)
  A scorpion (D:6)
  Dowan (D:4)
  2 water moccasin skeletons
  5 wights
  A howler monkey (D:5)
  2 bullfrog zombies (D:6)
  2 jellies (D:6)
  Crazy Yiuf (D:7)
  2 iguanas (D:6)
  An orc wizard (D:6)
  2 killer bee zombies
  A hound skeleton (D:4)
  2 howler monkey skeletons
  11 adders
  A shadow imp (D:5)
  A white imp (D:7)
  An ufetubus (D:6)
  A worm (D:2)
  3 dart slugs
  16 orcs
  3 bats
  8 endoplasms
  5 giant cockroaches
  4 goblins
  12 hobgoblins
  7 jackals
  12 kobolds
  8 quokkas
  4 ball pythons
  4 frilled lizards
  6 rats
  A bush (D:6)
153 creatures vanquished.

Vanquished Creatures (collateral kills)
  A goblin (D:3)
1 creature vanquished.

Vanquished Creatures (others)
  17 plants (D:7)
17 creatures vanquished.

Grand Total: 171 creatures vanquished

Notes
Turn   | Place    | Note
-------+----------+-------------------------------------------
     0 | Abyss:1  | Lemonice the Formicid Abyssal Knight began the quest for
                  | the Orb.
     0 | Abyss:1  | Reached XP level 1. HP: 18/18 MP: 2/2
    10 | Abyss:2  | Found a corrupted altar of Lugonu.
    22 | Abyss:3  | Found a corrupted altar of Lugonu.
    28 | Abyss:3  | Noticed a lich
    29 | D:1      | Escaped the Abyss
    72 | D:1      | Reached skill level 1 in Dodging
   240 | D:1      | Reached XP level 2. HP: 24/24 MP: 3/3
   689 | D:1      | Reached XP level 3. HP: 24/29 MP: 4/4
   819 | D:1      | Reached * piety under Lugonu
  1380 | D:2      | Reached XP level 4. HP: 29/37 MP: 6/6
  1471 | D:2      | Reached skill level 3 in Axes
  1694 | D:2      | Found a faded altar of an unknown god.
  2300 | D:3      | Reached XP level 5. HP: 22/42 MP: 7/7
  2727 | D:3      | Found a burning altar of Makhleb.
  2844 | D:3      | Found a glowing drain.
  2861 | Sewer    | Entered a sewer
  2970 | Sewer    | Noticed Purgy
  2999 | Sewer    | Killed Purgy
  3000 | Sewer    | Reached skill level 4 in Axes
  3000 | Sewer    | Reached XP level 6. HP: 23/49 MP: 8/8
  3187 | Sewer    | Identified the +0 ring mail of the Pits of Slime {rF++ rC+
                  | Str+4 Int-5}
  3273 | D:3      | Reached ** piety under Lugonu
  3528 | D:3      | Found Cariycuj's Book Boutique.
  3849 | D:4      | Noticed a black bear
  3863 | D:4      | Killed a black bear
  3864 | D:4      | Reached XP level 7. HP: 46/55 MP: 8/10
  4246 | D:4      | Noticed Dowan
  4247 | D:4      | Noticed Duvessa
  4275 | D:4      | Killed Dowan
  4276 | D:4      | Reached skill level 5 in Axes
  4322 | D:5      | Entered Level 5 of the Dungeon
  4484 | D:5      | Noticed Menkaure
  4512 | D:5      | Killed Menkaure
  4512 | D:5      | Reached *** piety under Lugonu
  4513 | D:5      | Reached skill level 5 in Fighting
  5256 | D:4      | Reached XP level 8. HP: 62/62 MP: 11/11
  5413 | D:4      | Banished Duvessa
  5505 | D:6      | Reached skill level 5 in Invocations
  5542 | D:6      | Reached skill level 6 in Axes
  5624 | D:6      | Reached skill level 5 in Armour
  5649 | D:6      | Found a runed translucent gate.
  5650 | D:6      | Found a runed translucent gate.
  5651 | D:6      | Found a runed translucent gate.
  5652 | D:6      | Noticed micdi's ghost (amateur DEAE)
  5653 | D:6      | Noticed fly's ghost (novice HuDe)
  5653 | D:6      | Noticed dukemarty79's ghost (novice DsGl)
  5653 | D:6      | Noticed anet's ghost (novice GnDe)
  5905 | D:6      | Reached XP level 9. HP: 12/69 MP: 8/13
  6000 | D:6      | Reached skill level 7 in Axes
  6215 | D:7      | Found a large runed translucent door.
  6215 | D:7      | Found a large runed translucent door.
  6215 | D:7      | Noticed loom's ghost (novice DjAE)
  6225 | D:7      | Noticed an angel
  6434 | D:7      | Found a shimmering blue altar of Sif Muna.
  6564 | D:7      | Found a runed translucent door.
  6565 | D:7      | Noticed Crazy Yiuf
  6573 | D:7      | Killed Crazy Yiuf
  6699 | D:7      | Found a staircase to the Ecumenical Temple.
  6848 | D:7      | Noticed a rust devil
  7078 | D:7      | Reached skill level 8 in Axes
  7083 | D:7      | Reached **** piety under Lugonu
  7115 | D:8      | Noticed a two-headed ogre
  7258 | D:8      | Reached XP level 10. HP: 63/79 MP: 15/15
  7687 | D:7      | Reached skill level 9 in Axes
  7980 | D:8      | Banished a two-headed ogre
  7996 | D:8      | Noticed a six-headed hydra
  8005 | D:8      | HP: 2/80 [six-headed hydra (13)]
  8316 | D:8      | Noticed a two-headed ogre
  8340 | D:8      | Mangled by a two-headed ogre

Illustrated notes

Levels and vault maps discovered:
D:1:      lightli_arrival_boilingwater, layout_loops_cross
D:2:      layout_basic, hellmonk_ecumenical_altar_heavens_door,
          chequers_hall_statues_corner_a
D:3:      minmay_chambers_of_threes, layout_basic, bloody_makhleb, serial_shops,
          nicolae_lakefront_shop, gup_sewer_entry_pipe
D:4:      layout_loops_ring, kennysheep_big_empty_room, uniq_duvessa
D:5:      lemuel_ice_spiral_2, layout_basic, uniq_menkaure
D:6:      minmay_general_purpose_star, layout_basic, gammafunk_ghost_cemetery,
          kb_lookout_dungeons_type
D:7:      layout_gridville, nicolae_sif_muna_condensation, temple_garden,
          ebering_ghost_disaster_area, uniq_crazy_yiuf_cottage
D:8:      layout_basic, grunt_dithmenos_smoke, due_unseen_surprise

Skill      XL: |  1  2  3  4  5  6  7  8  9 10 |
---------------+-------------------------------+-----
Dodging        | 1 |  1.0
Axes           | 3 4 5 6 8 9 |  9.6
Fighting       | 4 5 6 7 8 |  8.0
Armour         | 3 4 5 6 7 |  7.5
Invocations    | 3 4 5 7 8 |  8.1

Action                   |  1- 3 |  4- 6 |  7- 9 | 10-12 || total
-------------------------+-------+-------+-------+-------++-------
Melee: Hand axe          |   114 |   162 |   325 |   173 ||   774
Invok: Depart the Abyss  |     1 |       |       |       ||     1
       Bend Space        |       |       |     8 |     1 ||     9
       Banish            |       |       |     2 |     4 ||     6
Evoke: Wand              |       |       |    17 |     2 ||    19
  Use: Potion            |     2 |     2 |     3 |     1 ||     8
       Scroll            |     1 |     5 |     3 |       ||     9
Armor: Leather armour    |    38 |    51 |       |       ||    89
       Troll leather arm |       |    23 |    86 |    17 ||   126
Dodge: Dodged            |    83 |   118 |   177 |    36 ||   414

Table legend: (Time is in decaauts)
 A = Elapsed time spent in this place.
 B = Non-inter-level travel time spent in this place.
 C = Inter-level travel time spent in this place.
 D = Time resting spent in this place.
 E = Time spent auto-exploring this place.
 F = Levels seen in this place.
 G = Mean time per level.
                   A        B        C        D        E       F      G
               +--------+--------+--------+--------+--------+-----+--------+
         Total |   8379 |   8105 |    274 |      0 |   5417 |  12 |  698.2 |
       Dungeon |   7976 |   7702 |    274 |      0 |   5133 |   8 |  997.0 |
         Abyss |     28 |     28 |      0 |      0 |      0 |   3 |    9.3 |
         Sewer |    374 |    374 |      0 |      0 |    284 |   1 |  374.0 |
               +--------+--------+--------+--------+--------+-----+--------+

Top non-repeatable levels by time:
     D:2: 1410 daAuts
     D:7: 1259 daAuts
     D:3: 1225 daAuts
     D:6: 1193 daAuts
     D:1: 851 daAuts
     D:4: 822 daAuts
     D:5: 816 daAuts
     D:8: 397 daAuts
   Sewer: 374 daAuts
 Abyss:2: 10 daAuts
 Abyss:1: 10 daAuts
 Abyss:3: 7 daAuts
